 Dungeon Crawl Stone Soup version 0.19.1-1-g22dce08 (webtiles) character file.

529 dngmouse the Chopper (level 7, -4/64 HPs)
             Began as a Deep Dwarf Fighter on Jan 16, 2017.
             Was a Follower of Makhleb.
             Slain by Aviak's ghost (7 damage)
             ... on level 4 of the Dungeon.
             The game lasted 00:12:05 (2764 turns).

dngmouse the Chopper (Deep Dwarf Fighter)           Turns: 2764, Time: 00:12:09

Health: -4/64      AC:  8    Str: 20 (22) XL:     7   Next: 3%
Magic:  7/7        EV: 12    Int:  5 (8)  God:    Makhleb [*.....]
Gold:   123        SH: 10    Dex: 17      Spells: 0 memorised, 6 levels left

rFire  . . .     SeeInvis .     a - +0 war axe
rCold  . . .     Gourm    .     b - +0 scale mail
rNeg   . . .     Faith    .     c - +0 shield
rPois  .         Spirit   .     (no helmet)
rElec  .         Reflect  .     v - +0 cloak
rCorr  .         Harm     .     (no gloves)
MR     +....                    (no boots)
Stlth  ..........               (no amulet)
                                (no ring)
                                d - ring of loudness (curse)

@: agile, non-regenerating
A: damage resistance, recharge devices, sense surroundings 1, slow regeneration
3
a: Device Recharging, Renounce Religion


You were on level 4 of the Dungeon.
You worshipped Makhleb.
Makhleb was aware of your devotion.
You were not hungry.

You visited 1 branch of the dungeon, and saw 4 of its levels.

You collected 123 gold pieces.

Inventory:

Hand Weapons
 a - a +0 war axe (weapon)
 y - a +2 hand axe of flaming
Missiles
 B - 8 javelins (quivered)
 E - 5 tomahawks
Armour
 b - a +0 scale mail (worn)
 c - a +0 shield (worn)
 v - a +0 cloak (worn)
Jewellery
 d - a cursed ring of loudness (left hand)
Wands
 e - a wand of heal wounds (6/9)
Scrolls
 i - a scroll of teleportation
 k - 6 scrolls of identify
 l - a scroll of recharging
 q - 4 scrolls of remove curse {unknown}
 t - a scroll of fog
 w - a scroll of random uselessness {unknown}
 x - 3 scrolls of enchant armour {unknown}
 z - a scroll of immolation {unknown}
 D - a scroll of enchant weapon {unknown}
Potions
 g - a potion of agility
 j - 2 potions of degeneration
 m - a potion of magic {unknown}
 n - a potion of cancellation {unknown}
 o - a potion of flight {unknown}
 p - a potion of berserk rage {unknown}
 r - a potion of brilliance {unknown}
 A - a potion of heal wounds
 C - a potion of haste {unknown}
Comestibles
 f - 4 bread rations
 h - a beef jerky
 s - 4 fruits
 u - 13 chunks of flesh


   Skills:
 - Level 4.0 Fighting
 * Level 7.6 Axes
 - Level 3.2 Armour
 - Level 3.2 Shields


You had 6 spell levels left.
You didn't know any spells.

Dungeon Overview and Level Annotations

Branches:
Dungeon (4/15)
 Temple: D:4-7

Altars:
Elyvilon
Makhleb

Annotations:
D:4 Aviak's ghost, novice FoFi


Innate Abilities, Weirdness & Mutations

You are resistant to damage.
You can recharge devices by infusing magical energy.
You passively map a small area around you.
You do not regenerate.


Message History

The orc priest hits you but does no damage.
You hit Aviak's ghost.
Aviak's ghost is moderately damaged.
You hit the orc priest. You slash the orc wizard!
Aviak's ghost closely misses you. You block the orc wizard's attack.
The orc priest hits you.
An orc wizard comes into view. It is wielding a dagger.
You hit the orc wizard.
You kill the orc wizard!
Makhleb accepts your kill.
You feel your dexterity returning.
You have reached level 7!
You hit Aviak's ghost but do no damage. You slash the orc priest!
Aviak's ghost hits you!
* * * LOW HITPOINT WARNING * * *
The orc priest mumbles some strange prayers to Beogh against you.
Beogh smites you!
* * * LOW HITPOINT WARNING * * *
Aviak's ghost hits you!
You die...

* , , , , +......#......#
, * , * #......#......# *
* ##......#......+ ,
#.......#......# *
#.......#......#
#.......#......#,
#.......#o.....# , ,
#.......@Woo...# ,
##########.....##o...o.#
, **
...............#.......#
,
........#......#.......'
........#......#....(..#
........#......#......$#
,
......<.+......+.......#,
........########.......#
######### #########


You could see an orc priest, an orc wizard, Aviak's ghost and 3 orcs.

Vanquished Creatures
  A howler monkey (D:4)
  An orc priest (D:4)
  Crazy Yiuf (D:2)
  A worker ant (D:4)
  Natasha (thrice) (D:2)
  3 orc wizards (D:4)
  Robin (D:2)
  3 gnolls (D:2)
  11 adders
  2 worms
  3 dart slugs
  2 leopard geckos
  4 orcs
  4 bats
  5 giant cockroaches
  15 goblins
  11 hobgoblins
  7 jackals (D:2)
  A quokka (D:3)
  6 ball pythons (D:3)
  7 frilled lizards
  7 kobolds
  A quokka skeleton (D:4)
  16 rats
116 creatures vanquished.

Vanquished Creatures (others)
  A quokka (D:2)
1 creature vanquished.

Grand Total: 117 creatures vanquished

Notes
Turn   | Place    | Note
-------+----------+-------------------------------------------
     0 | D:1      | dngmouse the Deep Dwarf Fighter began the quest for the Orb.
     0 | D:1      | Reached XP level 1. HP: 20/20 MP: 1/1
   186 | D:1      | Reached XP level 2. HP: 21/27 MP: 2/2
   243 | D:1      | Reached skill level 3 in Axes
   764 | D:1      | Reached XP level 3. HP: 19/33 MP: 3/3
   837 | D:2      | Found a white marble altar of Elyvilon.
   872 | D:2      | Reached skill level 4 in Axes
   905 | D:2      | Reached XP level 4. HP: 19/42 MP: 4/4
   937 | D:2      | Noticed Robin
   945 | D:2      | Killed Robin
   979 | D:2      | Noticed Natasha
   983 | D:2      | Killed Natasha
   983 | D:2      | Reached skill level 5 in Axes
   983 | D:2      | Reached XP level 5. HP: 28/49 MP: 5/5
  1193 | D:2      | Found a runed door.
  1263 | D:2      | Noticed Natasha
  1272 | D:2      | Killed Natasha
  1335 | D:2      | Found a burning altar of Makhleb.
  1340 | D:2      | Became a worshipper of Makhleb the Destroyer
  1497 | D:2      | Noticed Natasha
  1500 | D:2      | Killed Natasha
  1678 | D:2      | Noticed Crazy Yiuf
  1817 | D:2      | Killed Crazy Yiuf
  1908 | D:3      | Reached skill level 6 in Axes
  1939 | D:3      | Reached XP level 6. HP: 17/57 MP: 6/6
  2242 | D:3      | Reached * piety under Makhleb
  2748 | D:4      | Noticed Aviak's ghost (novice FoFi)
  2752 | D:4      | Reached skill level 7 in Axes
  2764 | D:4      | Reached XP level 7. HP: 26/64 MP: 7/7
  2764 | D:4      | HP: 3/64 [orc priest/divine providence (10)]
  2764 | D:4      | Slain by Aviak's ghost

Skill      XL: |  1  2  3  4  5  6 |
---------------+-------------------+-----
Axes           | 3 4 5 6 7 |  7.6
Fighting       | 3 4 |  4.0
Armour         | |  3.2
Shields        | |  3.2

Action                   |  1- 3 |  4- 6 |  7- 9 || total
-------------------------+-------+-------+-------++-------
Melee: War axe           |   149 |   259 |       ||   408
Evoke: Wand              |     1 |     3 |       ||     4
  Use: Potion            |     1 |     3 |       ||     4
       Scroll            |       |     4 |       ||     4
  Eat: Chunk             |       |     7 |       ||     7
Armor: Scale mail        |    67 |   101 |       ||   168
Dodge: Dodged            |    48 |    88 |       ||   136
Block: Shield            |    84 |   141 |       ||   225
